 Dungeon Crawl Stone Soup version 0.27.0-1-g7a089689b8 (webtiles) character file.

Game seed: 193488600557926667

786 eisteetrinker the Cleaver (level 7, -1/61 HPs)
             Began as a Hill Orc Fighter on Aug 11, 2021.
             Was an Initiate of Beogh.
             Shot with an arrow by a centaur (6 damage)
             ... on level 5 of the Dungeon.
             The game lasted 00:21:03 (4212 turns).

eisteetrinker the Cleaver (Hill Orc Fighter)        Turns: 4212, Time: 00:21:04

Health: -1/61      AC: 10    Str: 21    XL:     7   Next: 87%
Magic:  7/7        EV:  8    Int: 14    God:    Beogh [......]
Gold:   253        SH:  9    Dex: 10    Spells: 6/6 levels left

rFire    . . .     SeeInvis .   a - +0 war axe
rCold    . . .     Faith    .   c - +0 kite shield
rNeg     . . .     Spirit   .   b - +0 scale mail
rPois    .         Reflect  .   (no helmet)
rElec    .         Harm     .   (no cloak)
rCorr    .         Rampage  .   y - +2 pair of gloves
Will     .....                  (no boots)
Stlth    ..........             (no amulet)
HPRegen  0.20/turn              e - +6 ring of intelligence
MPRegen  0.10/turn              k - +4 ring of slaying

@: no status effects
A: no striking features
a: Renounce Religion


You were on level 5 of the Dungeon.
You worshipped Beogh.
Beogh was noncommittal.
You visited 2 branches of the dungeon, and saw 7 of its levels.

You collected 253 gold pieces.

Inventory:

Hand Weapons
 a - a +0 war axe (weapon)
 m - a +0 mace of holy wrath
 p - a +0 whip of venom
 C - a +0 flail
 D - a +2 shortbow of flaming
Missiles
 f - 75 stones (quivered)
 s - 2 throwing nets
 x - 6 boomerangs
Armour
 b - a +0 scale mail (worn)
 c - a +0 kite shield (worn)
 u - a +0 pair of gloves
 y - a +2 pair of gloves (worn)
Jewellery
 e - a +6 ring of intelligence (left hand)
 k - a +4 ring of slaying (right hand)
 l - an amulet of guardian spirit
 v - a ring of fire
 B - an amulet of magic regeneration
Scrolls
 g - a scroll of fog {unknown}
 h - a scroll of fear {unknown}
 i - a scroll of teleportation
 j - a scroll of enchant armour {unknown}
 q - 2 scrolls of identify
 r - a scroll of noise {unknown}
 t - a scroll of amnesia {unknown}
 z - a scroll of magic mapping {unknown}
 A - a scroll of immolation {unknown}
Potions
 d - a potion of might
 n - 3 potions of heal wounds
 o - a potion of resistance
 w - a potion of curing


   Skills:
 * Level 5.2 Fighting
 * Level 9.0 Axes
 + Level 4.9 Armour
 + Level 1.1 Dodging
 + Level 3.9 Shields


You had 6 spell levels left.
You didn't know any spells.
Your spell library contained the following spells:

 Spells                   Type           Power      Damage    Failure   Level
 Magic Dart               Conj           0%         1d3       97%         1
 Mephitic Cloud           Conj/Pois/Air  0%         N/A       100%        3
 Ozocubu's Armour         Ice            0%         N/A       100%        3
 Metabolic Englaciation   Hex/Ice        0%         N/A       100%        5
 Simulacrum               Ice/Necr       0%         N/A       100%        6
 Storm Form               Tmut/Air       0%         N/A       100%        7


Dungeon Overview and Level Annotations

Branches:
Dungeon (6/15)             Temple (1/1) D:4

Altars:
Dithmenos
Fedhas
Gozag
Hepliaklqana
Kikubaaqudgha
Makhleb
Nemelex Xobeh
Okawaru
Ru
Sif Muna
Trog
Uskayaw
Vehumet
Wu Jian
Xom
Zin
The Shining One


Message History

Throw: 79 stones
Press: ? - help, Q - select action, (/) - cycle Shift-Dir - straight line, f - orc
Aim: an orc, wielding a +0 club (wandering, hasn't noticed you, 63% to hit)
You throw a stone. The orc shouts!
The stone hits the orc.
The orc is moderately wounded.
Throw: 78 stones
Press: ? - help, Q - select action, (/) - cycle Shift-Dir - straight line, f/p - orc
Aim: an orc, wielding a +0 club (moderately wounded, 63% to hit)
You throw a stone. The stone hits the orc.
The orc is heavily wounded.
Throw: 77 stones
Press: ? - help, Q - select action, (/) - cycle Shift-Dir - straight line, f/p - orc
Aim: an orc, wielding a +0 club (moderately wounded, 63% to hit)
You throw a stone. The stone hits the orc.
The orc is heavily wounded.
Throw: 76 stones
Press: ? - help, Q - select action, (/) - cycle Shift-Dir - straight line, f/p - orc
Aim: an orc, wielding a +0 club (heavily wounded, 63% to hit)
You throw a stone. The stone hits the orc.
You kill the orc!
Beogh accepts your kill.
You start resting.
A steam dragon comes into view.
As you read the scroll of teleportation, it crumbles to dust.
You feel strangely unstable.
You climb upwards.
The ice beast hits you but does no damage.
There is a stone staircase leading down here.
Your surroundings suddenly seem different.
An ice beast comes into view.
The centaur shoots an arrow.
You block the arrow.
The centaur shoots an arrow.
The arrow hits you!
* * * LOW HITPOINT WARNING * * *
The centaur shoots an arrow.
The arrow hits you.
* * * LOW HITPOINT WARNING * * *
The centaur shoots an arrow.
The arrow hits you but does no damage.
The centaur shoots an arrow.
The arrow hits you.
You die...

##............#.......
..............##...)..
......................
[#.....#####.#....####
...##### ##.#.#..#
...# #.......# ...#
####.......###### ##.#
###.............$.#
##.# #....#.....@.##
##
##.###....##.......##
..#
#.............###...#
#.# #...##....##..#
###.###.### .....
..####....##†(#
#..##...# .....
..........##..#
#..Y..#.##.....
.##.##....#..##
###.#..........
.##..........#
#####c....#......
..####.....#.#
#................


You could see an ice beast and a centaur.

Vanquished Creatures
  A necrophage (D:5)
  A centaur (D:5)
  A scorpion (D:5)
  A water moccasin skeleton (D:4)
  A gnoll shaman (D:3)
  2 hounds (D:5)
  A bullfrog skeleton (D:5)
  An orc priest (D:5)
  An orc wizard (D:4)
  An iguana (D:5)
  A scorpion zombie (D:5)
  12 gnolls
  10 adders
  A white imp (D:5)
  An ufetubus (D:5)
  A dart slug (D:3)
  2 orcs
  11 ball pythons
  3 endoplasms
  3 giant cockroaches (D:1)
  6 goblins
  6 hobgoblins
  8 jackals (D:2)
  2 quokkas
  5 bats
  2 frilled lizards
  5 kobolds
  4 rats
94 creatures vanquished.

Vanquished Creatures (others)
  An orc (D:4)
  A demonic plant (D:2)
2 creatures vanquished.

Grand Total: 96 creatures vanquished

Notes
Turn   | Place    | Note
-------+----------+-------------------------------------------
     0 | D:1      | eisteetrinker the Hill Orc Fighter began the quest for the
                  | Orb.
     0 | D:1      | Reached XP level 1. HP: 19/19 MP: 1/1
   135 | D:1      | Reached XP level 2. HP: 15/27 MP: 2/2
   497 | D:1      | Reached skill level 3 in Axes
   497 | D:1      | Reached XP level 3. HP: 20/33 MP: 3/3
  1085 | D:2      | Got the Collected Works on Damaging Air
  1110 | D:2      | Reached skill level 4 in Axes
  1164 | D:2      | Reached XP level 4. HP: 14/40 MP: 4/4
  1473 | D:2      | Found a faded altar of an unknown god.
  1906 | D:3      | Reached skill level 5 in Axes
  1906 | D:3      | Reached XP level 5. HP: 36/47 MP: 5/5
  2305 | D:3      | Found a hazy altar of Hepliaklqana.
  2389 | D:3      | Reached skill level 6 in Axes
  2410 | D:3      | Reached XP level 6. HP: 33/53 MP: 6/6
  2588 | D:3      | Found a shimmering blue altar of Sif Muna.
  2701 | D:3      | Found a burning altar of Makhleb.
  2702 | D:3      | You fall into a shaft and drop 2 floors!
  2702 | D:5      | Entered Level 5 of the Dungeon
  2733 | D:5      | Found a large runed translucent door.
  2734 | D:5      | Found a large runed translucent door.
  2743 | D:5      | Found a sacrificial altar of Ru.
  2760 | D:5      | Found a glowing golden altar of the Shining One.
  2779 | D:5      | Reached skill level 7 in Axes
  2841 | D:5      | Noticed an ice beast
  2845 | D:5      | Noticed a necrophage
  3071 | D:4      | Found an ornate altar of the Wu Jian Council.
  3081 | D:4      | Found a staircase to the Ecumenical Temple.
  3102 | Temple   | Entered the Ecumenical Temple
  3199 | D:4      | Became a worshipper of Beogh the Brigand
  3571 | D:4      | Reached XP level 7. HP: 60/60 MP: 7/7
  3686 | D:5      | Reached skill level 5 in Fighting
  3686 | D:5      | Reached skill level 8 in Axes
  3686 | D:5      | Reached skill level 1 in Dodging
  4109 | D:5      | Reached skill level 9 in Axes
  4129 | D:5      | Found an iron altar of Okawaru.
  4198 | D:6      | Noticed a steam dragon
  4212 | D:5      | Shot with an arrow by a centaur

Illustrated notes

Levels and vault maps discovered:
D:1:      matt_arrival_refuge, layout_loops_ring, minivault_11
D:2:      layout_basic, dreamdust_ecumenical_altar_sealed_demon
D:3:      layout_basic, nicolae_hepliaklqana_hazy_memory, lemuel_doored_altar,
          lightli_temple_of_fire, minmay_misc_feat_room
D:4:      layout_rooms, general_overflow_altar,
          minmay_temple_entry_stoned_glass, serial_curves, eino_curves_03,
          eino_curves_04, eino_curves_03, eino_curves_01, minmay_snake_closets
D:5:      layout_rooms, jmf_multi_god_temple2, okawaru_trees_1
D:6:      layout_cave_pods, cheibriados_altar_1, serial_shops,
          nicolae_shop_behind_doors, minmay_circle_x
Temple:   compressed_dpeg_circular_temple

Skill      XL: |  1  2  3  4  5  6  7 |
---------------+----------------------+-----
Fighting       | 4 5 |  5.2
Axes           | 3 4 5 6 7 9 |  9.0
Armour         | 4 |  4.9
Dodging        | 1 |  1.1
Shields        | |  3.9

Action                   |  1- 3 |  4- 6 |  7- 9 || total
-------------------------+-------+-------+-------++-------
Melee: War axe           |    54 |   136 |    49 ||   239
Throw: Stone             |     3 |     4 |    10 ||    17
Invok: Convert to Beogh  |       |     1 |       ||     1
  Use: Scroll            |     1 |     5 |     1 ||     7
       Potion            |     1 |       |       ||     1
Armor: Scale mail        |    26 |    59 |    39 ||   124
Dodge: Dodged            |    16 |    51 |    14 ||    81
Block: Kite shield       |    30 |    67 |    33 ||   130
